 Dungeon Crawl Stone Soup version 0.18.1-5-g4a78601 (webtiles) character file.

44 Rattbag the Grave Robber (level 3, -2/30 HPs)
             Began as a Deep Dwarf Necromancer on May 14, 2016.
             Killed from afar by an orc wizard (6 damage)
             ... with a puff of flame
             ... on level 3 of the Dungeon.
             The game lasted 00:16:21 (2731 turns).

Rattbag the Grave Robber (Deep Dwarf Necromancer)   Turns: 2731, Time: 00:16:22

Health: -2/30      AC:  6    Str: 11    XL:     3   Next: 39%
Magic:  2/5        EV:  9    Int: 15    God:
Gold:   83         SH:  0    Dex: 14    Spells: 2 memorised, 3 levels left

rFire  . . .     SeeInvis .     e - +0 club
rCold  . . .     Gourm    .     f - +0 scale mail
rNeg   . . .     Faith    .     (no shield)
rPois  .         Spirit   .     (no helmet)
rElec  .         Dismiss  .     (no cloak)
rCorr  .         Reflect  .     (no gloves)
SustAt .         Harm     .     (no boots)
MR     .....                    (no amulet)
Stlth  +.........               (no ring)
                                i - ring of flight

@: very slightly contaminated, non-regenerating, not resistant to hostile
enchantments, very unstealthy
A: damage resistance, recharge devices, sense surroundings 1, slow regeneration
3
a: Device Recharging, Evoke Flight


You were on level 3 of the Dungeon.
You were hungry.

You visited 1 branch of the dungeon, and saw 3 of its levels.

You collected 83 gold pieces.

Inventory:

Hand Weapons
 e - a +0 club (weapon)
Armour
 a - a +0 robe
 f - a +0 scale mail (worn)
Jewellery
 i - a ring of flight (left hand)
Wands
 c - a wand of heal wounds (4/9)
Scrolls
 d - 4 scrolls of teleportation {unknown}
 h - a scroll of random uselessness {unknown}
 j - 2 scrolls of remove curse {unknown}
 k - a scroll of identify {unknown}
 l - a scroll of recharging {unknown}
 n - a scroll of fog {unknown}
 o - a scroll of blinking {unknown}
Potions
 g - a potion of resistance {unknown}
 m - a potion of haste {unknown}
Books
 b - a book of Necromancy

   Spells                             Type                      Level
   a - Pain                           Necromancy                   1
   b - Animate Skeleton               Necromancy                   1
   c - Vampiric Draining              Necromancy                   3
   d - Regeneration                   Charms/Necromancy            3
   e - Animate Dead                   Necromancy                   4
   f - Control Undead                 Necromancy                   4


   Skills:
 + Level 0.3 Fighting
 + Level 0.2 Maces & Flails
 + Level 1.6 Armour
 + Level 2.6 Dodging
 + Level 2.6 Stealth
 + Level 1.9 Spellcasting
 + Level 4.8 Necromancy


You had 3 spell levels left.
You knew the following spells:

 Your Spells              Type           Power        Failure   Level  Hunger
a - Pain                  Necr           ###.         21%         1    ##.....
b - Animate Skeleton      Necr           N/A          21%         1    ##.....


Dungeon Overview and Level Annotations

Branches:
Dungeon (3/15)

Altars:


Innate Abilities, Weirdness & Mutations

You are resistant to damage.
You can recharge devices by infusing magical energy.
You passively map a small area around you.
You do not regenerate naturally.


Message History

Aiming: Pain
Press: ? - help, Shift-Dir - straight line, f/p - orc wizard
Aim: an orc wizard, wielding a dagger and wearing a robe (almost dead, chance to defeat MR: 73%)
The orc wizard struggles to resist.
The orc wizard casts a spell at you. You resist with some effort.
You completely miss the orc wizard.
The orc wizard is almost dead.
The orc wizard gestures at you while chanting.
The magic dart hits you!
* * * LOW HITPOINT WARNING * * *
The orc wizard hits you but does no damage.
You hit the orc wizard.
The orc wizard is almost dead.
The orc wizard barely misses you.
You miss the orc wizard.
The orc wizard is almost dead.
The orc wizard casts a spell at you. The puff of flame hits you!
You die...

* #* ######### *, ..
#.......# ...##.......####
, , .. .....$.........
**... *#.......## * *
######... *#.@.....#
#........ * ##o####.#
#.....$..*######w####.#
#........ #........##.### *
, .......>.,+..............
, ,
...########........##.#####
..........................o
....#######............## *
, , ....# ,#.'............#
*


You could see a worm and an orc wizard.

Vanquished Creatures
  A dart slug (D:1)
  2 giant geckos
  3 orcs (D:3)
  7 bats
  3 giant cockroaches
  4 goblins
  4 hobgoblins
  3 jackals (D:2)
  A ball python (D:3)
  2 kobolds (D:2)
  A rat (D:2)
31 creatures vanquished.

Vanquished Creatures (collateral kills)
  A giant cockroach (D:2)
  2 giant newts (D:2)
3 creatures vanquished.

Grand Total: 34 creatures vanquished

Notes
Turn   | Place    | Note
--------------------------------------------------------------
     0 | D:1      | Rattbag the Deep Dwarf Necromancer began the quest for the Orb.
     0 | D:1      | Reached XP level 1. HP: 15/15 MP: 3/3
   381 | D:1      | Reached XP level 2. HP: 8/22 MP: 4/4
   818 | D:2      | Learned a level 1 spell: Animate Skeleton
  1649 | D:2      | Reached skill level 1 in Armour
  1728 | D:2      | Reached XP level 3. HP: 27/30 MP: 5/5
  2731 | D:3      | Killed from afar by an orc wizard

Skill      XL: |  1  2 |
---------------+-------+-----
Armour         | 1 |  1.6
Fighting       | |  0.3
Maces & Flails | |  0.2
Dodging        | |  2.6
Stealth        | |  2.6
Spellcasting   | |  1.9
Necromancy     | |  4.8

Action                   || total
-------------------------++-------
Melee: Club              ||   178
       Unarmed           ||    21
 Cast: Animate Skeleton  ||     7
       Pain              ||     4
Evoke: Wand              ||     1
  Eat: Bread ration      ||     1
       Pizza             ||     1
Armor: Scale mail        ||   113
       Robe              ||     4
Dodge: Dodged            ||   126
